[ AOE2 MATCH · #478159061 ]
UnrankedHuns vs Portuguese
Player's team · WIN
[ REPLAY ANALYSIS · EXTRACTED FROM THE RECORDED GAME ]
Feudal
8:51
Castle
18:40
Imperial
34:29
| APM avg | 54.7 |
| APM peak | 106 |
| eAPM avg | 26.5 |
| Villagers / military | 165 / 351 |
Focus
⚔️ 35.6% · 🌾 64.4%
Skirmisher ×132 · Scout Cavalry ×99 · Cavalry Archer ×78 · Archer ×12 · Knight ×10 · Trebuchet (Packed) ×7
Feudal
11:43
Castle
18:48
Imperial
31:29
| APM avg | 70.6 |
| APM peak | 115 |
| eAPM avg | 31.7 |
| Villagers / military | 223 / 147 |
Focus
⚔️ 41.3% · 🌾 58.7%
Archer ×45 · Knight ×25 · Spearman ×23 · Skirmisher ×19 · Trebuchet (Packed) ×8 · Scout Cavalry ×7
Match map
Initial resources + every placement click. Lines = walls · curves = elevation contours. ◆ gold · ⬟ stone · ● berries · ✦ relic · ◌ wall gap
Your base· ✓ Closed at 18:40 · 67t walls · 1 gate(s)
NOC | komtan's base· ✓ Closed at 18:48 · 52t walls · no gate
Smoothed initial terrain · ◌ = detected wall gap · hover for details
Inputs per minute
— Chainsmokers - - NOC | komtan
Build order — Chainsmokers
First 150 of 523 actions detected
| 0:00 | Create | Villager (Male) |
| 0:09 | Create | Villager (Male) |
| 0:09 | Create | Villager (Male) |
| 0:09 | Create | Villager (Male) |
| 1:21 | Create | Villager (Male) |
| 1:54 | Create | Villager (Male) |
| 2:08 | Create | Villager (Male) |
| 2:23 | Build | Lumber Camp |
| 2:35 | Create | Villager (Male) |
| 2:36 | Create | Villager (Male) |
| 3:02 | Create | Villager (Male) |
| 3:02 | Create | Villager (Male) |
| 4:00 | Create | Villager (Male) |
| 4:00 | Create | Villager (Male) |
| 4:04 | Create | Villager (Male) |
| 4:59 | Build | Mill |
| 5:20 | Create | Villager (Male) |
| 5:45 | Create | Villager (Male) |
| 5:46 | Research | Loom |
| 6:31 | Research | Feudal Age |
| 6:59 | Build | Lumber Camp |
| 8:07 | Build | Palisade Wall |
| 8:10 | Build | Palisade Wall |
| 8:13 | Build | Palisade Wall |
| 8:14 | Build | Palisade Wall |
| 8:15 | Build | Palisade Wall |
| 8:23 | Build | Barracks |
| 8:26 | Create | Villager (Male) |
| 8:39 | Build | Palisade Wall |
| 8:42 | Build | Palisade Wall |
| 8:45 | Build | Palisade Wall |
| 8:51 | Age | Feudal Age |
| 8:52 | Build | Palisade Wall |
| 8:52 | Build | Palisade Wall |
| 8:55 | Research | Double-Bit Axe |
| 8:59 | Create | Villager (Male) |
| 9:18 | Create | Villager (Male) |
| 9:28 | Build | Archery Range |
| 9:36 | Create | Villager (Male) |
| 9:38 | Create | Spearman |
| 9:55 | Create | Villager (Male) |
| 10:24 | Create | Villager (Male) |
| 10:25 | Build | Farm |
| 10:28 | Build | Farm |
| 10:39 | Build | Farm |
| 10:41 | Create | Villager (Male) |
| 10:47 | Build | Farm |
| 10:52 | Build | Farm |
| 10:53 | Build | Farm |
| 10:58 | Create | Villager (Male) |
| 11:01 | Create | Skirmisher |
| 11:21 | Build | Mining Camp |
| 11:27 | Create | Archer |
| 11:37 | Create | Villager (Male) |
| 11:53 | Build | Palisade Wall |
| 12:04 | Create | Skirmisher |
| 12:14 | Build | Farm |
| 12:22 | Build | Palisade Wall |
| 12:24 | Build | Palisade Wall |
| 12:29 | Create | Villager (Male) |
| 12:32 | Create | Archer |
| 12:48 | Create | Villager (Male) |
| 13:01 | Create | Archer |
| 13:13 | Build | Blacksmith |
| 13:14 | Build | Palisade Wall |
| 13:18 | Create | Villager (Male) |
| 13:28 | Build | Palisade Wall |
| 13:29 | Build | Palisade Wall |
| 13:31 | Build | Palisade Wall |
| 13:32 | Create | Archer |
| 13:34 | Create | Villager (Male) |
| 13:55 | Build | Farm |
| 13:57 | Create | Archer |
| 14:09 | Create | Villager (Male) |
| 14:23 | Create | Villager (Male) |
| 14:26 | Build | Farm |
| 14:31 | Create | Villager (Male) |
| 14:47 | Create | Archer |
| 14:50 | Create | Villager (Male) |
| 16:00 | Research | Castle Age |
| 16:11 | Build | Farm |
| 16:14 | Build | Farm |
| 16:20 | Build | Palisade Gate |
| 16:22 | Build | Palisade Wall |
| 16:24 | Build | Palisade Wall |
| 16:28 | Create | Archer |
| 16:49 | Research | Fletching |
| 16:55 | Create | Archer |
| 17:22 | Build | Farm |
| 17:24 | Build | Farm |
| 17:33 | Create | Archer |
| 17:58 | Create | Villager (Male) |
| 18:14 | Create | Archer |
| 18:40 | Age | Castle Age |
| 18:41 | Research | Crossbowman (upgrade) |
| 18:42 | Research | Bodkin Arrow |
| 18:48 | Build | Town Center |
| 18:49 | Research | Bow Saw |
| 19:00 | Build | Town Center |
| 19:04 | Create | Villager (Male) |
| 19:08 | Create | Archer |
| 19:13 | Create | Villager (Male) |
| 19:15 | Create | Villager (Male) |
| 19:59 | Create | Villager (Male) |
| 20:02 | Create | Villager (Male) |
| 20:02 | Create | Villager (Male) |
| 20:08 | Build | Farm |
| 20:09 | Build | Farm |
| 20:23 | Create | Villager (Male) |
| 20:35 | Create | Villager (Male) |
| 20:35 | Create | Villager (Male) |
| 20:39 | Build | Siege Workshop |
| 20:46 | Create | Villager (Male) |
| 20:55 | Build | Farm |
| 20:55 | Build | Farm |
| 20:58 | Create | Villager (Male) |
| 21:10 | Build | Farm |
| 21:11 | Build | Farm |
| 21:12 | Create | Villager (Male) |
| 21:18 | Create | Villager (Male) |
| 21:20 | Create | Cavalry Archer |
| 21:29 | Create | Mangonel |
| 21:36 | Create | Villager (Male) |
| 21:45 | Create | Villager (Male) |
| 21:59 | Create | Archer |
| 22:00 | Create | Villager (Male) |
| 22:01 | Create | Villager (Male) |
| 22:17 | Create | Villager (Male) |
| 22:18 | Create | Villager (Male) |
| 22:23 | Create | Mangonel |
| 22:26 | Create | Villager (Male) |
| 22:27 | Create | Villager (Male) |
| 22:34 | Build | Mining Camp |
| 22:38 | Build | Stone Wall |
| 22:44 | Build | Stone Wall |
| 22:45 | Create | Villager (Male) |
| 22:54 | Build | Farm |
| 22:54 | Build | Farm |
| 23:02 | Create | Villager (Male) |
| 23:06 | Create | Villager (Male) |
| 23:32 | Create | Villager (Male) |
| 23:33 | Create | Villager (Male) |
| 23:34 | Build | Farm |
| 23:38 | Build | Farm |
| 23:38 | Build | Farm |
| 23:38 | Build | Farm |
| 23:38 | Build | Farm |
| 23:40 | Create | Villager (Male) |
| 23:45 | Build | Farm |
| 23:46 | Build | Farm |
Build order — NOC | komtan
First 150 of 593 actions detected
| 0:00 | Create | Villager (Male) |
| 0:00 | Create | Villager (Male) |
| 0:01 | Create | Villager (Male) |
| 0:02 | Build | House |
| 0:02 | Create | Villager (Male) |
| 0:03 | Build | House |
| 1:28 | Create | Villager (Male) |
| 1:59 | Build | Lumber Camp |
| 2:02 | Create | Villager (Male) |
| 2:02 | Create | Villager (Male) |
| 2:13 | Create | Villager (Male) |
| 2:14 | Create | Villager (Male) |
| 2:53 | Create | Villager (Male) |
| 3:01 | Create | Villager (Male) |
| 3:28 | Build | House |
| 3:34 | Create | Villager (Male) |
| 3:35 | Create | Villager (Male) |
| 3:50 | Create | Villager (Male) |
| 4:26 | Create | Villager (Male) |
| 4:26 | Create | Villager (Male) |
| 4:39 | Build | Barracks |
| 4:51 | Create | Villager (Male) |
| 5:04 | Build | House |
| 5:11 | Create | Villager (Male) |
| 5:34 | Create | Militia |
| 5:34 | Create | Militia |
| 5:37 | Create | Villager (Male) |
| 5:46 | Create | Villager (Male) |
| 5:55 | Build | House |
| 5:56 | Build | Palisade Wall |
| 5:58 | Create | Militia |
| 6:12 | Build | Palisade Wall |
| 6:15 | Create | Villager (Male) |
| 6:57 | Build | Mill |
| 7:08 | Create | Villager (Male) |
| 7:17 | Build | Palisade Wall |
| 7:31 | Create | Villager (Male) |
| 7:44 | Build | Palisade Wall |
| 7:46 | Create | Villager (Male) |
| 8:04 | Research | Loom |
| 8:17 | Build | Palisade Wall |
| 8:22 | Build | Palisade Wall |
| 8:33 | Build | Palisade Wall |
| 8:43 | Create | Villager (Male) |
| 9:00 | Create | Villager (Male) |
| 9:25 | Research | Feudal Age |
| 9:42 | Create | Villager (Male) |
| 9:54 | Build | Mining Camp |
| 10:10 | Build | Farm |
| 10:12 | Build | Farm |
| 10:51 | Build | House |
| 11:01 | Build | Farm |
| 11:03 | Build | Farm |
| 11:21 | Build | House |
| 11:28 | Build | Farm |
| 11:43 | Age | Feudal Age |
| 11:55 | Build | Archery Range |
| 11:58 | Create | Villager (Male) |
| 12:04 | Research | Double-Bit Axe |
| 12:05 | Research | Horse Collar |
| 12:12 | Build | House |
| 12:14 | Create | Villager (Male) |
| 12:27 | Build | Farm |
| 12:32 | Create | Skirmisher |
| 12:37 | Create | Archer |
| 12:44 | Build | House |
| 12:48 | Create | Archer |
| 12:53 | Create | Villager (Male) |
| 13:03 | Build | Farm |
| 13:05 | Build | Farm |
| 13:19 | Create | Villager (Male) |
| 13:31 | Build | Farm |
| 13:34 | Build | Farm |
| 13:35 | Create | Villager (Male) |
| 13:37 | Create | Archer |
| 14:01 | Create | Archer |
| 14:04 | Create | Villager (Male) |
| 14:06 | Build | Farm |
| 14:31 | Build | Blacksmith |
| 14:35 | Create | Archer |
| 14:38 | Create | Villager (Male) |
| 15:05 | Create | Villager (Male) |
| 15:19 | Create | Archer |
| 15:22 | Create | Villager (Male) |
| 15:29 | Build | Archery Range |
| 15:33 | Build | Farm |
| 15:35 | Build | Farm |
| 15:59 | Build | Archery Range |
| 16:04 | Create | Archer |
| 16:08 | Research | Castle Age |
| 16:10 | Create | Archer |
| 16:46 | Create | Archer |
| 16:50 | Research | Fletching |
| 16:58 | Build | House |
| 16:59 | Create | Archer |
| 17:18 | Research | Padded Archer Armor |
| 17:19 | Create | Archer |
| 17:33 | Create | Archer |
| 17:37 | Build | House |
| 17:50 | Create | Villager (Male) |
| 17:57 | Build | House |
| 17:59 | Create | Archer |
| 18:12 | Create | Archer |
| 18:28 | Create | Archer |
| 18:48 | Age | Castle Age |
| 18:50 | Research | Crossbowman (upgrade) |
| 18:50 | Research | Bodkin Arrow |
| 18:54 | Build | Siege Workshop |
| 19:01 | Create | Archer |
| 19:03 | Build | House |
| 19:06 | Create | Villager (Male) |
| 19:18 | Create | Villager (Male) |
| 19:18 | Create | Mangonel |
| 19:41 | Create | Villager (Male) |
| 19:48 | Create | Villager (Male) |
| 20:02 | Build | Town Center |
| 20:07 | Create | Villager (Male) |
| 20:22 | Create | Villager (Male) |
| 20:26 | Build | House |
| 20:33 | Create | Villager (Male) |
| 20:38 | Create | Villager (Male) |
| 20:49 | Create | Villager (Male) |
| 20:54 | Build | House |
| 20:55 | Create | Archer |
| 20:56 | Create | Archer |
| 20:59 | Build | Farm |
| 21:08 | Build | House |
| 21:11 | Create | Villager (Male) |
| 21:11 | Create | Villager (Male) |
| 21:21 | Create | Villager (Male) |
| 21:32 | Build | Lumber Camp |
| 21:33 | Create | Villager (Male) |
| 21:37 | Build | House |
| 21:42 | Create | Villager (Male) |
| 21:50 | Create | Villager (Male) |
| 21:55 | Create | Villager (Male) |
| 22:06 | Create | Villager (Male) |
| 22:13 | Build | House |
| 22:19 | Create | Villager (Male) |
| 22:33 | Build | University |
| 22:37 | Create | Villager (Male) |
| 22:44 | Build | House |
| 22:46 | Build | House |
| 22:51 | Build | Farm |
| 22:52 | Build | Farm |
| 22:59 | Research | Wheelbarrow |
| 22:59 | Create | Villager (Male) |
| 23:06 | Create | Archer |
| 23:06 | Create | Archer |
| 23:07 | Create | Archer |
Match timeline
| 4:39 | NOC | komtan · first_building Barracks |
| 5:56 | NOC | komtan · wall_segment Palisade Wall x7 |
| 6:12 | NOC | komtan · wall_segment Palisade Wall x13 |
| 7:17 | NOC | komtan · wall_segment Palisade Wall x8 |
| 7:44 | NOC | komtan · wall_segment Palisade Wall x3 |
| 8:07 | Chainsmokers · wall_segment Palisade Wall x1 |
| 8:10 | Chainsmokers · wall_segment Palisade Wall x1 |
| 8:13 | Chainsmokers · wall_segment Palisade Wall x1 |
| 8:14 | Chainsmokers · wall_segment Palisade Wall x1 |
| 8:15 | Chainsmokers · wall_segment Palisade Wall x1 |
| 8:17 | NOC | komtan · wall_segment Palisade Wall x10 |
| 8:22 | NOC | komtan · wall_segment Palisade Wall x8 |
| 8:23 | Chainsmokers · first_building Barracks |
| 8:33 | NOC | komtan · wall_segment Palisade Wall x3 |
| 8:39 | Chainsmokers · wall_segment Palisade Wall x1 |
| 8:42 | Chainsmokers · wall_segment Palisade Wall x1 |
| 8:45 | Chainsmokers · wall_segment Palisade Wall x1 |
| 8:51 | Chainsmokers · age_up feudal |
| 8:52 | Chainsmokers · wall_segment Palisade Wall x1 |
| 8:52 | Chainsmokers · wall_segment Palisade Wall x1 |
| 9:28 | Chainsmokers · first_building Archery Range |
| 11:43 | NOC | komtan · age_up feudal |
| 11:53 | Chainsmokers · wall_segment Palisade Wall x13 |
| 11:55 | NOC | komtan · first_building Archery Range |
| 12:22 | Chainsmokers · wall_segment Palisade Wall x7 |
| 12:24 | Chainsmokers · wall_segment Palisade Wall x4 |
| 13:14 | Chainsmokers · wall_segment Palisade Wall x8 |
| 13:28 | Chainsmokers · wall_segment Palisade Wall x5 |
| 13:29 | Chainsmokers · wall_segment Palisade Wall x6 |
| 13:31 | Chainsmokers · wall_segment Palisade Wall x1 |
| 16:22 | Chainsmokers · wall_segment Palisade Wall x6 |
| 16:24 | Chainsmokers · wall_segment Palisade Wall x8 |
| 18:40 | Chainsmokers · age_up castle |
| 18:48 | NOC | komtan · age_up castle |
| 18:54 | NOC | komtan · first_building Siege Workshop |
| 20:39 | Chainsmokers · first_building Siege Workshop |
| 22:38 | Chainsmokers · wall_segment Stone Wall x13 |
| 22:44 | Chainsmokers · wall_segment Stone Wall x9 |
| 24:00 | Chainsmokers · wall_segment Stone Wall x4 |
| 24:00 | Chainsmokers · wall_segment Stone Wall x4 |
| 24:04 | Chainsmokers · wall_segment Stone Wall x7 |
| 26:30 | Chainsmokers · wall_segment Stone Wall x1 |
| 27:47 | Chainsmokers · first_building Monastery |
| 28:04 | NOC | komtan · first_market_buy 100 food |
| 28:06 | NOC | komtan · first_market_sell 100 wood |
| 28:35 | Chainsmokers · first_building Stable |
| 28:51 | Chainsmokers · first_building Castle |
| 30:11 | Chainsmokers · first_market_sell 100 food |
| 31:29 | NOC | komtan · age_up imperial |
| 32:01 | Chainsmokers · first_market_buy 100 wood |
| 32:50 | NOC | komtan · first_building Castle |
| 33:14 | NOC | komtan · first_building Monastery |
| 34:29 | Chainsmokers · age_up imperial |
| 41:59 | NOC | komtan · first_building Stable |
| 44:53 | NOC | komtan · wall_segment Palisade Wall x1 |
| 48:24 | Chainsmokers · wall_segment Stone Wall x2 |
| 51:19 | Chainsmokers · wall_segment Stone Wall x12 |
| 51:51 | NOC | komtan · resign |
[ AI ANALYSIS · 1 CREDIT ]
What really happened in this match?
Wolo.gg analyzes every decision: build order, eco, micro, common mistakes by bracket. Personalized analysis on WhatsApp or Discord in 30 seconds.
Civ guide
Huns
Perfil
Chainsmokers